 Dungeon Crawl Stone Soup version 0.31-a0-325-g067879e3d3 (webtiles) character file.

Game seed: 4387450540693718308

5727 cforsyth the Mimic (level 10, -4/85 HPs)
             Began as a Vampire Shapeshifter on July 18, 2023.
             Was a Priest of Hepliaklqana.
             Slain by an orc warrior
             ... wielding a +0 halberd
              (20 damage)
             ... in a bailey on July 19, 2023.
             The game lasted 00:13:56 (6026 turns).

cforsyth the Mimic (Vampire Shapeshifter)           Turns: 6026, Time: 00:13:57

Health: -4/85      AC: 12    Str: 23    XL:     10   Next: 48%
Magic:  10/10      EV: 15    Int: 11    God:    Hepliaklqana [***...]
Gold:   622        SH:  0    Dex: 15    Spells: 9/9 levels left

rFire   . .          .
                       - Unarmed
rCold   . . .        (shield currently unavailable)
rNeg    . . .        a - melded +0 animal skin
rPois   .            (helmet currently unavailable)
rElec   .            (cloak currently unavailable)
rCorr   .            (gloves currently unavailable)
SInv    +            (boots currently unavailable)
Will    +....        G - amulet of magic regeneration
Stlth   +            F - +4 ring of protection
HPRegen 0.54/turn    d - +5 ring of evasion
MPRegen 0.52/turn

%: no passive effects
@: snake-form, healing quickly
A: constrict, boosted hp, reduced essence, large, alive, (fangs 3), see
invisible, vampiric 2
a: Exsanguinate, Begin Untransformation, Renounce Religion, Recall Ancestor,
Ancestor Identity, Transference


You were in a bailey.
You worshipped Hepliaklqana.
Hepliaklqana was most pleased with you.
You were an enormous anaconda.
You visited 2 branches of the dungeon, and saw 9 of its levels.
You also visited: Sewer and Bailey.

You collected 622 gold pieces.

Inventory:

Missiles
 B - 2 throwing nets
Armour
 a - a +0 animal skin (melded)
 v - a +0 troll leather armour {Pargi}
Jewellery
 d - a +5 ring of evasion (right hand)
 f - a ring of ice
 r - a ring of magical power
 x - a ring of protection from fire
 F - a +4 ring of protection (left hand)
 G - an amulet of magic regeneration (around neck)
Talismans
 c - a beast talisman
 e - a blade talisman
 l - a serpent talisman
Wands
 q - a wand of roots (22)
 y - a wand of flame (27)
 D - a wand of paralysis (19)
Scrolls
 h - 7 scrolls of teleportation
 i - 2 scrolls of enchant armour {unknown}
 j - 2 scrolls of poison {unknown}
 m - 3 scrolls of fear {unknown}
 o - 4 scrolls of fog {unknown}
 u - a scroll of revelation
 E - a scroll of immolation
 I - a scroll of enchant weapon {unknown}
Potions
 b - a potion of lignification
 k - 2 potions of haste
 n - a potion of ambrosia
 p - a potion of degeneration {unknown}
 s - 3 potions of brilliance
 w - a potion of attraction {unknown}
 z - 2 potions of resistance
 A - a potion of enlightenment {unknown}
 C - a potion of curing {unknown}
 H - 3 potions of might
 J - 2 potions of mutation
 K - a potion of magic {unknown}


   Skills:
 + Level 7.1 Fighting
 - Level 2.1 Dodging
 + Level 9.0 Unarmed Combat
 + Level 11.0 Shapeshifting


You had 9 spell levels left.
You didn't know any spells.
Your spell library contained the following spells:

 Spells                   Type           Power      Damage    Failure   Level
 Necrotise                Necr           0%         1d4       34%         1
 Lesser Beckoning         Tloc           0%         N/A       47%         2
 Gell's Gravitas          Tloc           0%         N/A       71%         3
 Inner Flame              Hex/Fire       0%         N/A       71%         3
 Teleport Other           Tloc           0%         N/A       71%         3
 Vampiric Draining        Necr           0%         2d6       71%         3
 Flame Wave               Conj/Fire      0%         2d4       98%         4
 Sticky Flame             Conj/Fire      0%         2d3       98%         4
 Agony                    Necr           0%         N/A       100%        5


Dungeon Overview and Level Annotations

Branches:
Dungeon (8/15)             Temple (1/1) D:6           Sewer (visited)
 Bailey (1/1)
   Lair: D:8-11

Altars:
Ashenzari
Dithmenos
Fedhas
Gozag
Hepliaklqana
Kikubaaqudgha
Makhleb
Nemelex Xobeh
Okawaru
Qazlal
Ru
Sif Muna
Trog
Uskayaw
Vehumet
Wu Jian
Xom
Yredelemnul

Shops:
D:7 (


Innate Abilities, Weirdness & Mutations

You are an enormous anaconda.
You have a powerful constriction melee attack.
Your maximum health is increased.
Your armour is entirely melded.
You are incapable of wielding weapons or throwing items.
Your life essence is reduced to manifest your ancestor. (-10% HP)
Your natural rate of healing is accelerated.
((You have razor-sharp teeth.))
You have supernaturally acute eyesight. (SInv)
You are afflicted with vampirism and can become a bat while bloodless.


Message History

You body-slam the orc warrior!!
You kill the orc warrior!
The orc closely misses Udjahorresnet.
The orc hits you but does no damage. The orc barely misses you.
Udjahorresnet points at the orc and mumbles some strange words.
The puff of frost hits the orc!
The orc dies!
The orc knight hits you from afar with a +0 glaive.
Your Unarmed Combat skill increases to level 9!
You are too injured to fight recklessly!
You are too injured to fight recklessly!
You are too injured to fight recklessly!
You are too injured to fight recklessly!
You are too injured to fight recklessly!
You are too injured to fight recklessly!
You are too injured to fight recklessly!
You are too injured to fight recklessly!
You lash the orc!
You kill the orc!
The orc knight barely misses you.
Udjahorresnet barely misses the orc knight.
The orc knight hits you with a +0 glaive!!
* * * LOW HITPOINT WARNING * * *
Items here: )) ††.
You feel much better.
Udjahorresnet hits the orc knight with a +0 quarterstaff.
The orc knight barely misses you.
The orc warrior hits you from afar with a +0 halberd!!
* * * LOW HITPOINT WARNING * * *
You feel much better.
Udjahorresnet hits the orc knight with a +0 quarterstaff!!
The orc knight hits you but does no damage.
The orc warrior hits you from afar with a +0 halberd!!
* * * LOW HITPOINT WARNING * * *
You feel much better.
Udjahorresnet hits the orc knight with a +0 quarterstaff!
The orc knight hits you with a +0 glaive!
* * * LOW HITPOINT WARNING * * *
The orc warrior hits you from afar with a +0 halberd!!
You die...

#######
##..∩..##
#.......#
#∩.....∩#
#.......#
#.Roo...#
#.S#.#..#
#)##8##.#
#))#.#..#
#.)).o..#
#)......#
#.......#
##.....##
###'###
#...#


You could see the friendly Udjahorresnet the battlemage, an orc knight (ally
target) and an orc warrior (strong).

Vanquished Creatures
  Pikel (D:4)
  Grinder (D:5)
  A slime creature (D:7)
  Sigmund (D:3)
  Eustachio (D:5)
  Menkaure (D:5)
  Edmund (D:4)
  Pargi (Sewer)
  7 orc warriors
  A sky beast (D:6)
  3 ogres
  3 centaurs
  2 lemures (D:4)
  A phantom (D:5)
  8 kobold brigands
  A bullfrog (D:7)
  A scorpion (D:6)
  7 wights (D:7)
  A howler monkey (D:5)
  6 hounds
  4 orc priests
  2 gnoll boudas
  A sleepcap (D:6)
  3 jellies (D:7)
  4 iguanas
  Ijyb (D:4)
  5 orc wizards
  7 gnolls
  3 adders
  A white imp (D:6)
  An ufetubus (D:6)
  2 adder zombies (D:3)
  2 dart slugs
  30 orcs
  5 bats
  5 endoplasms
  9 giant cockroaches
  11 goblins
  9 hobgoblins
  4 jackals (Sewer)
  8 quokkas
  7 ball pythons
  3 frilled lizards
  A jackal zombie (D:3)
  17 kobolds
  A quokka zombie (D:3)
  6 rats
201 creatures vanquished.

Vanquished Creatures (collateral kills)
  2 sky beasts
  An orc warrior (Bailey)
  An ogre (D:6)
  2 bullfrogs
  2 kobold brigands (D:7)
  A wight (D:7)
  An orc priest (D:6)
  4 jellies
  2 orc wizards (D:6)
  A gnoll (D:8)
  11 orcs
  An endoplasm (D:7)
  A goblin (D:8)
  8 kobolds
38 creatures vanquished.

Grand Total: 239 creatures vanquished

Notes
Turn   | Place    | Note
-------+----------+-------------------------------------------
     0 | D:1      | cforsyth the Vampire Shapeshifter began the quest for the
                  | Orb.
     0 | D:1      | Reached XP level 1. HP: 16/16 MP: 1/1
   184 | D:1      | Reached XP level 2. HP: 11/22 MP: 2/2
   595 | D:2      | Found a faded altar of an unknown god.
   734 | D:2      | Gained mutation: You are afflicted with vampirism and can
                  | become a bat while bloodless. [Vampire growth]
   734 | D:2      | Reached XP level 3. HP: 15/27 MP: 3/3
  1122 | D:3      | Found a basalt altar of Yredelemnul.
  1189 | D:3      | Reached skill level 4 in Shapeshifting
  1189 | D:3      | Reached XP level 4. HP: 4/33 MP: 4/4
  1502 | D:3      | Noticed Sigmund
  1528 | D:3      | Killed Sigmund
  1529 | D:3      | Reached skill level 5 in Shapeshifting
  1529 | D:3      | Reached XP level 5. HP: 22/38 MP: 5/5
  1529 | D:3      | Reached XP level 6. HP: 26/44 MP: 6/6
  1703 | D:3      | Reached skill level 6 in Shapeshifting
  1930 | D:4      | Noticed Edmund
  1930 | D:4      | You fall into a shaft and drop 2 floors!
  1930 | D:6      | Found a staircase to the Ecumenical Temple.
  1935 | Temple   | Entered the Ecumenical Temple
  1952 | Temple   | Became a worshipper of Hepliaklqana the Forgotten
  2052 | D:5      | Entered Level 5 of the Dungeon
  2060 | D:5      | Reached skill level 7 in Shapeshifting
  2060 | D:5      | Reached XP level 7. HP: 32/50 MP: 7/7
  2196 | D:4      | Killed Edmund
  2236 | D:4      | Reached skill level 8 in Shapeshifting
  2251 | D:4      | Found a glowing drain.
  2269 | Sewer    | Entered a sewer
  2348 | Sewer    | Noticed Pargi
  2359 | Sewer    | Killed Pargi
  2430 | D:4      | Reached XP level 8. HP: 56/56 MP: 8/8
  2444 | D:4      | Noticed Pikel
  2466 | D:4      | Killed Pikel
  2467 | D:4      | Reached skill level 5 in Unarmed Combat
  2467 | D:4      | Reached skill level 9 in Shapeshifting
  2521 | D:4      | Noticed Ijyb
  2530 | D:4      | Killed Ijyb
  2658 | D:4      | Identified the +1 leather armour of Vexation {Harm rC+
                  | Will- rCorr}
  2672 | D:4      | Reached * piety under Hepliaklqana
  2826 | D:4      | Found an opulent altar of Gozag.
  2858 | D:4      | Found a sacrificial altar of Ru.
  2964 | D:4      | Found an iron altar of Okawaru.
  3083 | D:5      | Noticed Grinder
  3092 | D:5      | Killed Grinder
  3274 | D:5      | Reached XP level 9. HP: 58/58 MP: 9/9
  3385 | D:5      | Noticed Menkaure
  3394 | D:5      | Killed Menkaure
  3575 | D:5      | Noticed Eustachio
  3595 | D:5      | Killed Eustachio
  3926 | D:6      | Reached ** piety under Hepliaklqana
  3927 | D:6      | Remembered your ancestor Udjahorresnet as a battlemage
  4149 | D:6      | Reached skill level 5 in Fighting
  4314 | D:6      | Reached skill level 10 in Shapeshifting
  4978 | D:7      | Identified the +0 cloak of Bedevilment {rCorr Int+3 Stlth-}
  5056 | D:7      | Found Yhoos's Antique Weapon Emporium.
  5225 | D:7      | Reached XP level 10. HP: 67/67 MP: 10/10
  5650 | D:7      | Found a shimmering altar of Xom.
  5752 | D:8      | Reached *** piety under Hepliaklqana
  5833 | D:8      | Found a flagged portal.
  5844 | Bailey   | Entered a bailey
  5935 | Bailey   | Reached skill level 11 in Shapeshifting
  5975 | Bailey   | Noticed an orc knight
  6026 | Bailey   | Slain by an orc warrior

Illustrated notes

Levels and vault maps discovered:
D:1:      nzn_arrival_water_spiral, layout_basic
D:2:      layout_rooms, nicolae_ecumenical_oubliette, minmay_quadrilaterals
D:3:      cheibrodos_thug_alley, layout_basic, nicolae_yredelemnul_corpse_copse,
          hangedman_glass_teeth, minmay_cut_off, uniq_sigmund
D:4:      layout_rooms, kennysheep_mini_moat, mainiacjoe_overflow_two_lobes,
          portal_sewer_entry_f, uniq_edmund, uniq_pikel, uniq_ijyb
D:5:      layout_basic, uniq_eustachio, uniq_grinder, uniq_menkaure
D:6:      layout_layer_cave, minmay_temple_entry_glass, minmay_diced_spiral
D:7:      cheibrodos_fertilizer, layout_basic, kennysheep_little_box,
          serial_shops, shop
D:8:      layout_basic, enter_bailey_3
Temple:   nicolae_temple_bog_church
Bailey:   bailey_polearm_5, bailey

Skill      XL: |  1  2  3  4  5  6  7  8  9 10 |
---------------+-------------------------------+-----
Fighting       | 2 4 6 7 |  7.1
Unarmed Combat | 3 5 7 9 |  9.0
Shapeshifting  | 4 5 7 8 9 10 11 | 11.0
Dodging        | |  2.1

Action                     |  1- 3 |  4- 6 |  7- 9 | 10-12 || total
---------------------------+-------+-------+-------+-------++-------
  Melee: Unarmed           |    88 |    70 |   225 |    71 ||   454
         Bite              |     3 |       |       |       ||     3
         Punch             |     1 |       |       |       ||     1
         Constrict         |     9 |    14 |    58 |    16 ||    97
 Invoke: Ancestor Life: Ba |       |       |     1 |       ||     1
         Recall Ancestor   |       |       |       |     2 ||     2
    Use: Scroll            |       |       |       |    11 ||    11
         Potion            |       |       |       |     3 ||     3
   Stab: Sleeping          |     2 |     1 |       |       ||     3
         Distracted        |       |       |     2 |     3 ||     5
 Armour: Animal skin       |    15 |       |       |       ||    15
         Skin              |     9 |    17 |    60 |    34 ||   120
  Dodge: Dodged            |    49 |    40 |   158 |    81 ||   328
   Form: Anaconda          |     1 |       |       |       ||     1

Table legend: (Time is in decaauts)
 A = Elapsed time spent in this place.
 B = Non-inter-level travel time spent in this place.
 C = Inter-level travel time spent in this place.
 D = Time resting spent in this place.
 E = Time spent auto-exploring this place.
 F = Levels seen in this place.
 G = Mean time per level.
                   A        B        C        D        E       F      G
               +--------+--------+--------+--------+--------+-----+--------+
         Total |   5980 |   5821 |    159 |     50 |   4237 |  11 |  543.6 |
       Dungeon |   5627 |   5485 |    142 |      7 |   4104 |   8 |  703.4 |
        Temple |     34 |     17 |     17 |      0 |      0 |   1 |   34.0 |
         Sewer |    140 |    140 |      0 |      0 |     93 |   1 |  140.0 |
        Bailey |    177 |    177 |      0 |     43 |     40 |   1 |  177.0 |
               +--------+--------+--------+--------+--------+-----+--------+

Top non-repeatable levels by time:
     D:6: 1104 daAuts
     D:5: 1053 daAuts
     D:3: 906 daAuts
     D:7: 801 daAuts
     D:4: 638 daAuts
     D:2: 512 daAuts
     D:1: 500 daAuts
  Bailey: 177 daAuts
   Sewer: 140 daAuts
     D:8: 110 daAuts
  Temple: 34 daAuts
